 Dungeon Crawl Stone Soup version 0.20.1-1-g8b1a95d (webtiles) character file.

640 lorimerr the Covert (level 7, 0/32 HPs)
             Began as a Spriggan Enchanter on Aug 1, 2017.
             Was an Initiate of Dithmenos.
             Slain by an ice beast (5 damage)
             ... on level 5 of the Dungeon.
             The game lasted 00:35:36 (6974 turns).

lorimerr the Covert (Spriggan Enchanter)            Turns: 6974, Time: 00:35:37

Health: 0/32       AC:  2    Str:  5    XL:     7   Next: 26%
Magic:  12/12      EV: 22    Int: 18    God:    Dithmenos [......]
Gold:   308        SH:  0    Dex: 16    Spells: 8/11 levels left

rFire    . . .     SeeInvis +   a - +1 dagger
rCold    . . .     Gourm    .   (shield restricted)
rNeg     . . .     Faith    .   b - +0 robe
rPois    .         Spirit   .   (helmet restricted)
rElec    .         Reflect  .   (no cloak)
rCorr    .         Harm     .   (gloves unavailable)
MR       +....                  (boots unavailable)
Stlth    ++++......             (no amulet)
Regen    0.1/turn               (no ring)
MPRegen  0.2/turn               (no ring)

@: very quick
A: unfitting armour, see invisible, herbivore 3, speed 3, slow metabolism 2
a: Renounce Religion


You were on level 5 of the Dungeon.
You worshipped Dithmenos.
Dithmenos was noncommittal.
You were not hungry.

You visited 2 branches of the dungeon, and saw 6 of its levels.

You collected 308 gold pieces.

Inventory:

Hand Weapons
 a - a +1 dagger (weapon)
Missiles
 i - 23 poisoned needles
Armour
 b - a +0 robe (worn)
Jewellery
 f - an uncursed ring of protection from cold
Scrolls
 g - 4 scrolls of identify
 k - a scroll of immolation {unknown}
 n - 3 scrolls of remove curse {unknown}
 p - a scroll of magic mapping {unknown}
 r - 2 scrolls of amnesia {unknown}
 t - a scroll of blinking {unknown}
Potions
 e - a potion of curing
 h - 2 potions of lignification {unknown}
 j - 2 potions of flight
 l - a potion of brilliance {unknown}
 m - a potion of ambrosia {unknown}
 o - a potion of magic {unknown}
 s - a potion of invisibility {unknown}
 v - a potion of haste {unknown}
Books
 c - a book of Maledictions

   Spells                             Type                      Level
   a - Corona                         Hexes                        1
   b - Ensorcelled Hibernation        Hexes/Ice                    2
   c - Confuse                        Hexes                        3
   d - Tukima's Dance                 Hexes                        3
   e - Dazzling Spray                 Conjuration/Hexes            3
Comestibles
 d - 3 bread rations
 q - 2 fruits
 u - a royal jelly


   Skills:
 - Level 1.1 Short Blades
 + Level 6.3 Dodging
 * Level 9.8 Stealth
 - Level 2.6 Spellcasting
 + Level 5.9 Hexes


You had 8 spell levels left.
You knew the following spells:

 Your Spells              Type           Power        Failure   Level  Hunger
a - Corona                Hex            ###....      1%          1    #......
b - Ensorcelled Hibernat  Hex/Ice        ##....       8%          2    ##.....


Dungeon Overview and Level Annotations

Branches:
Dungeon (5/15)             Temple (1/1) D:4

Altars:
Ashenzari
Cheibriados
Dithmenos
Gozag
Hepliaklqana
Kikubaaqudgha
Okawaru
Qazlal
Ru
Sif Muna
The Shining One

Annotations:
D:4 Gelerth's ghost, novice HuFi
D:5 Tutankhamun's ghost, novice BaFi


Innate Abilities, Weirdness & Mutations

You are very small and have problems with some larger weapons.
You are too small for most types of armour.
You have supernaturally acute eyesight. (SInv)
You are a herbivore.
You cover ground extremely quickly.
You need consume almost no food.


Message History

The ice beast barely misses you.
You closely miss the ice beast.
The ice beast is heavily wounded.
You hit the ice beast.
The ice beast is heavily wounded.
The ice beast misses you.
You hit the ice beast.
The ice beast is heavily wounded.
The ice beast completely misses you.
You hit the ice beast but do no damage.
The ice beast is heavily wounded.
The ice beast misses you.
You barely miss the ice beast.
The ice beast is heavily wounded.
The ice beast hits you. The ice beast freezes you!
* * * LOW HITPOINT WARNING * * *
You hit the ice beast but do no damage.
The ice beast is heavily wounded.
The ice beast hits you.
You die...

###.# ..# ##...#
...## ###.....
.....## ##..####.
.......###### ##..##
#.
............###..##
##
.................#
## ##............##
#. ##..@.........#
#. #..Y.....##....#
#.
#.<....######....#..
#.....## ##...##
#.....# ..# #
#.....# #..# #####..
.. ##. #


You could see an ice beast.

Vanquished Creatures
  A sky beast (D:4)
  A bullfrog (D:5)
  2 scorpions (D:4)
  A howler monkey (D:4)
  A jelly (D:5)
  A bullfrog skeleton (D:5)
  2 hounds (D:5)
  3 worker ants (D:4)
  5 adders
  4 gnolls
  A shadow imp (D:5)
  An ooze (D:1)
  A dart slug (D:3)
  2 leopard geckos
  2 orcs (D:4)
  3 giant cockroaches
  4 goblins
  6 hobgoblins
  11 jackals
  6 kobolds
  4 quokkas
  A ball python (D:2)
  4 bats
  4 frilled lizards
  A jackal skeleton (D:5)
  A jackal zombie (D:3)
  A leopard gecko skeleton (D:4)
  10 rats
84 creatures vanquished.

Notes
Turn   | Place    | Note
-------+----------+-------------------------------------------
     0 | D:1      | lorimerr the Spriggan Enchanter began the quest for the Orb.
     0 | D:1      | Reached XP level 1. HP: 9/9 MP: 5/5
   325 | D:1      | Reached XP level 2. HP: 10/13 MP: 6/6
   628 | D:1      | Reached skill level 5 in Stealth
   971 | D:1      | Learned a level 2 spell: Ensorcelled Hibernation
  1453 | D:2      | Found a shattered altar of Ashenzari.
  1458 | D:2      | Reached XP level 3. HP: 16/16 MP: 8/8
  2401 | D:3      | Reached skill level 6 in Stealth
  2401 | D:3      | Reached XP level 4. HP: 19/21 MP: 0/9
  2796 | D:3      | Found a stormy altar of Qazlal.
  3433 | D:4      | Noticed a phantom
  4025 | D:4      | Found a staircase to the Ecumenical Temple.
  4039 | Temple   | Entered the Ecumenical Temple
  4153 | Temple   | Became a worshipper of Dithmenos the Shadowed
  4455 | D:4      | Reached skill level 7 in Stealth
  4455 | D:4      | Reached XP level 5. HP: 21/24 MP: 7/10
  4502 | D:4      | Reached skill level 5 in Hexes
  4544 | D:4      | Found a deep blue altar of Sif Muna.
  4545 | D:4      | Found an opulent altar of Gozag.
  4644 | D:4      | Reached skill level 5 in Dodging
  4776 | D:4      | Reached skill level 8 in Stealth
  4776 | D:4      | Reached XP level 6. HP: 28/28 MP: 0/11
  4868 | D:4      | Noticed Gelerth's ghost (novice HuFi)
  5138 | D:5      | Entered Level 5 of the Dungeon
  5867 | D:5      | Noticed a sky beast
  5982 | D:4      | Killed a sky beast
  5982 | D:4      | Reached skill level 9 in Stealth
  6107 | D:4      | Reached XP level 7. HP: 15/32 MP: 7/12
  6835 | D:5      | Noticed Tutankhamun's ghost (novice BaFi)
  6974 | D:5      | Slain by an ice beast

Skill      XL: |  1  2  3  4  5  6 |
---------------+-------------------+-----
Hexes          | 4 5 |  5.9
Stealth        | 5 6 7 8 9 |  9.8
Dodging        | 4 5 6 |  6.3
Short Blades   | |  1.1
Spellcasting   | |  2.6

Action                   |  1- 3 |  4- 6 |  7- 9 || total
-------------------------+-------+-------+-------++-------
Melee: Dagger            |   170 |   220 |    72 ||   462
 Cast: Ensorcelled Hiber |    12 |    33 |     7 ||    52
  Use: Scroll            |       |     2 |       ||     2
       Potion            |       |     1 |       ||     1
 Stab: Sleeping          |    14 |    22 |     5 ||    41
       Distracted        |     1 |       |       ||     1
  Eat: Royal jelly       |       |     1 |       ||     1
       Bread ration      |       |     1 |       ||     1
Armor: Robe              |    15 |    15 |     2 ||    32
Dodge: Dodged            |   139 |   215 |    66 ||   420
